 Dungeon Crawl Stone Soup version 0.22.0-60-ga52c2fc (webtiles) character file.

692 Spepijn the Caller (level 7, -11/36 HPs)
             Began as a Deep Elf Summoner on Sept 4, 2018.
             Was an Initiate of Sif Muna.
             Mangled by a black bear (12 damage)
             ... on level 6 of the Dungeon on Sept 9, 2018.
             The game lasted 00:54:26 (8832 turns).

Spepijn the Caller (Deep Elf Summoner)              Turns: 8832, Time: 00:54:27

Health: -11/36     AC:  6    Str:  5    XL:     7   Next: 36%
Magic:  1/18       EV: 16    Int: 22    God:    Sif Muna [......]
Gold:   311        SH:  0    Dex: 15    Spells: 12/18 levels left

rFire    . . .     SeeInvis .   m - +1 dagger (drain)
rCold    . . .     Gourm    .   (no shield)
rNeg     . . .     Faith    .   g - +0 robe
rPois    .         Spirit   .   a - +0 helmet
rElec    .         Reflect  .   n - +0 cloak
rCorr    .         Harm     .   p - +0 pair of gloves
MR       .....                  k - +0 pair of boots
Stlth    +++.......             (no amulet)
HPRegen  0.12/turn              t - +3 ring of evasion
MPRegen  0.16/turn              (no ring)

@: no status effects
A: no striking features
a: Renounce Religion


You were on level 6 of the Dungeon.
You worshipped Sif Muna.
Sif Muna was noncommittal.
You were not hungry.

You visited 2 branches of the dungeon, and saw 7 of its levels.

You collected 311 gold pieces.

Inventory:

Hand Weapons
 m - a +1 dagger of draining (weapon)
 r - a cursed -1 rapier
Missiles
 f - 177 stones (quivered)
Armour
 a - a +0 helmet (worn)
 g - a +0 robe (worn)
 k - a +0 pair of boots (worn)
 n - a +0 cloak (worn)
 p - a +0 pair of gloves (worn)
Jewellery
 t - a +3 ring of evasion (left hand)
Scrolls
 b - a scroll of magic mapping {unknown}
 d - 4 scrolls of identify
 e - a scroll of enchant armour {unknown}
 i - a scroll of amnesia
 l - 2 scrolls of enchant weapon
 o - 2 scrolls of remove curse
Potions
 h - a potion of magic {unknown}
 j - a potion of agility {unknown}
 q - a potion of degeneration {unknown}
 s - a potion of lignification {unknown}
 u - a potion of curing
Comestibles
 c - 5 rations


   Skills:
 - Level 2.4 Dodging
 - Level 4.0 Stealth
 + Level 6.0 Spellcasting
 * Level 7.8 Summonings
 + Level 3.0 Ice Magic


You had 12 spell levels left.
You knew the following spells:

 Your Spells              Type           Power        Failure   Level  Hunger
b - Call Imp              Summ           #####...     1%          2    None
c - Summon Ice Beast      Ice/Summ       ####....     10%         4    ###....

Your spell library contained the following spells:

 Spells                   Type           Power        Failure   Level  Hunger
 Summon Small Mammal      Summ           ####         1%          1    None
 Call Canine Familiar     Summ           #####...     1%          3    #......
 Summon Guardian Golem    Hex/Summ       ###.....     5%          3    #......
 Summon Lightning Spire   Summ/Air       ###.....     19%         4    ###....


Dungeon Overview and Level Annotations

Branches:
Dungeon (6/15)             Temple (1/1) D:5

Altars:
Ashenzari
Cheibriados
Dithmenos
Elyvilon
Fedhas
Gozag
Hepliaklqana
Kikubaaqudgha
Makhleb
Nemelex Xobeh
Okawaru
Qazlal
Ru
Sif Muna
Trog
Uskayaw
Vehumet
Wu Jian
Xom
Yredelemnul
Zin
The Shining One

Annotations:
D:4 Dowan, Duvessa


Message History

You are too injured to fight recklessly!
You are too injured to fight recklessly!
You completely miss the black bear.
The black bear is almost dead.
The black bear barely misses you. The black bear claws you.
* * * LOW HITPOINT WARNING * * *
The black bear misses you.
Your crimson imp hits the black bear but does no damage.
Your crimson imp blinks!
Casting: Call Imp (safe; 1% risk of failure)
Confirm with . or Enter, or press ? or * to list all spells.
A beastly little devil appears in a puff of flame.
The black bear closely misses you. The black bear completely misses you.
The black bear claws you.
* * * LOW HITPOINT WARNING * * *
The black bear misses you. The black bear claws you.
* * * LOW HITPOINT WARNING * * *
The black bear misses you.
Your crimson imp hits the black bear.
The black bear bites you!
You die...

#.............#
####+###...<.........#
#....................#
#....................#
#....†...............#
#..............#######
#..............#
#....5##########
#..5h@# #...5†#
#.....# #.....#
#....)# #......
#....... #........
#.........


You could see a black bear (berserk) and 3 friendly crimson imps.

Vanquished Creatures
  A centaur (D:5)
  A leopard gecko (D:5)
2 creatures vanquished.

Vanquished Creatures (collateral kills)
  Pikel (D:3)
  A sky beast (D:5)
  A slave (D:4)
  An ogre (D:4)
  A gnoll sergeant (D:4)
  A centaur skeleton (D:5)
  6 orc wizards
  An iguana (D:4)
  5 worker ants
  7 gnolls (D:4)
  7 adders
  A shadow imp (D:5)
  An ooze (D:2)
  An adder skeleton (D:5)
  4 worms
  4 dart slugs
  5 leopard geckos
  8 orcs
  10 giant cockroaches
  4 goblins
  7 hobgoblins
  2 kobolds
  7 bats
  3 frilled lizards
  A rat (D:2)
90 creatures vanquished.

Grand Total: 92 creatures vanquished

Notes
Turn   | Place    | Note
-------+----------+-------------------------------------------
     0 | D:1      | Spepijn the Deep Elf Summoner began the quest for the Orb.
     0 | D:1      | Reached XP level 1. HP: 10/10 MP: 6/6
   813 | D:2      | Reached XP level 2. HP: 14/15 MP: 4/8
  1411 | D:2      | Reached skill level 5 in Summonings
  1598 | D:2      | Reached XP level 3. HP: 19/19 MP: 5/10
  1603 | D:2      | Learned a level 2 spell: Call Imp
  2681 | D:3      | Found a blossoming altar of Fedhas.
  3053 | D:3      | Reached XP level 4. HP: 24/24 MP: 8/11
  3059 | D:3      | Learned a level 4 spell: Summon Ice Beast
  3531 | D:4      | Noticed a slave
  3543 | D:4      | Noticed a slave
  3544 | D:4      | Noticed a slave
  3551 | D:4      | Noticed a slave
  3559 | D:4      | Killed a slave
  4101 | D:4      | Reached XP level 5. HP: 22/28 MP: 2/13
  4171 | D:4      | Noticed an ogre
  4185 | D:4      | Killed an ogre
  4185 | D:4      | Reached skill level 6 in Summonings
  4980 | D:4      | Reached skill level 1 in Ice Magic
  5007 | D:4      | Noticed Duvessa
  5016 | D:4      | Noticed Dowan
  5810 | D:4      | Noticed Pikel
  6245 | D:3      | Killed Pikel
  6245 | D:3      | Reached skill level 5 in Spellcasting
  6245 | D:3      | Reached skill level 7 in Summonings
  6245 | D:3      | Reached XP level 6. HP: 10/32 MP: 10/16
  6700 | D:5      | Entered Level 5 of the Dungeon
  6864 | D:5      | Reached XP level 7. HP: 15/36 MP: 5/17
  7265 | D:5      | Upgraded the game from 0.22.0-49-gab54619 to
                  | 0.22.0-60-ga52c2fc
  7281 | D:5      | Found a radiant altar of Vehumet.
  7549 | D:5      | Found a staircase to the Ecumenical Temple.
  7738 | Temple   | Entered the Ecumenical Temple
  8104 | Temple   | Became a worshipper of Sif Muna the Loreminder
  8831 | D:6      | HP: 1/36 [black bear (5)]
  8832 | D:6      | Mangled by a black bear

Skill      XL: |  1  2  3  4  5  6  7 |
---------------+----------------------+-----
Stealth        | 3 4 |  4.0
Summonings     | 5 7 |  7.8
Spellcasting   | 4 5 6 |  6.0
Ice Magic      | 2 3 |  3.0
Dodging        | |  2.4

Action                   |  1- 3 |  4- 6 |  7- 9 || total
-------------------------+-------+-------+-------++-------
Melee: Dagger            |       |     7 |     5 ||    12
Throw: Stone             |     2 |       |       ||     2
 Cast: Summon Small Mamm |   128 |    33 |       ||   161
       Call Imp          |    19 |    99 |    71 ||   189
       Summon Ice Beast  |       |     2 |     4 ||     6
  Use: Scroll            |       |     6 |       ||     6
       Potion            |       |     4 |       ||     4
 Stab: Distracted        |       |     1 |       ||     1
  Eat: Chunk             |     1 |     4 |     2 ||     7
       Ration            |     2 |     2 |     2 ||     6
Armor: Robe              |     2 |     5 |    19 ||    26
Dodge: Dodged            |    14 |    46 |    59 ||   119
